 Dungeon Crawl Stone Soup version 0.20-a0-1036-g4d371cd (webtiles) character file.

12677 Rrauwl the Nimble (level 11, -10/60 HPs)
             Began as a Deep Elf Fire Elementalist on Apr 21, 2017.
             Was a Priest of Sif Muna.
             Killed from afar by a rime drake (24 damage)
             ... with a flash freeze
             ... on level 2 of the Lair of Beasts on Apr 22, 2017.
             The game lasted 01:13:04 (14741 turns).

Rrauwl the Nimble (Deep Elf Fire Elementalist)     Turns: 14741, Time: 01:13:07

Health: -10/60     AC: 12    Str:  9 (10) XL:     11   Next: 65%
Magic:  14/26      EV: 20    Int: 17 (19) God:    Sif Muna [***...]
Gold:   738        SH:  0    Dex: 14 (15) Spells: 11/28 levels left

rFire    . . .     SeeInvis .   b - +0 shortbow
rCold    . . .     Gourm    .   (shield currently unavailable)
rNeg     . . .     Faith    .   h - +0 robe
rPois    +         Spirit   .   n - +2 helmet
rElec    .         Reflect  .   e - +1 cloak
rCorr    .         Harm     .   f - +2 pair of gloves
MR       +....                  F - +2 pair of boots
Stlth    ++........             (no amulet)
Regen    0.2/turn               A - ring of poison resistance
MPRegen  0.2/turn               t - +2 ring of strength

@: no status effects
A: deformed body, deterioration 1, dopey 1, mutation resistance 1
a: Divine Energy, Channel Magic, Renounce Religion


You were on level 2 of the Lair of Beasts.
You worshipped Sif Muna.
Sif Muna was most pleased with you.
You were not hungry.

You visited 3 branches of the dungeon, and saw 11 of its levels.
You also visited: Ossuary.

You collected 738 gold pieces.

Inventory:

Hand Weapons
 b - a +0 shortbow (weapon)
Missiles
 u - 38 arrows (quivered)
Armour
 e - a +1 cloak (worn)
 f - a +2 pair of gloves (worn)
 h - a +0 robe (worn)
 n - a +2 helmet (worn)
 F - a +2 pair of boots (worn)
Magical Staves
 a - an uncursed staff of conjuration
Jewellery
 t - a +2 ring of strength (right hand)
 A - a ring of poison resistance (left hand)
Wands
 i - a wand of polymorph (11/24)
 o - a wand of iceblast (5/15)
 y - a wand of digging (5/24)
 B - a wand of iceblast (10/15)
Scrolls
 d - 6 scrolls of identify
 l - a scroll of recharging
 m - a scroll of fog
 x - 2 scrolls of remove curse
 C - 2 scrolls of magic mapping
 D - a scroll of enchant weapon
 H - 2 scrolls of teleportation
Potions
 q - a potion of cancellation
 r - 6 potions of curing
 z - 2 potions of agility
 E - a potion of haste
 G - a potion of ambrosia
Books
 g - a book of Transfigurations

   Spells                             Type                      Level
   a - Irradiate                      Conjuration/Transmutation    5
   b - Statue Form                    Transmutation/Earth          6
   c - Hydra Form                     Transmutation                6
   d - Dragon Form                    Transmutation                7
Comestibles
 c - 5 bread rations
 j - 7 fruits
 k - 15 chunks of flesh
 p - 7 meat rations


   Skills:
 - Level 3.0 Fighting
 - Level 6.0 Staves
 + Level 6.5 Bows
 + Level 0.5 Armour
 - Level 12.3 Dodging
 - Level 2.4 Stealth
 - Level 9.1 Spellcasting
 - Level 7.1 Conjurations
 + Level 3.1 Transmutations
 - Level 7.1 Fire Magic
 - Level 4.0 Invocations
 - Level 4.0 Evocations


You had 11 spell levels left.
You knew the following spells:

 Your Spells              Type           Power        Failure   Level  Hunger
a - Sticky Flame          Conj/Fire      ####....     4%          4    ###....
b - Flame Tongue          Conj/Fire      ####.        1%          1    None
c - Throw Flame           Conj/Fire      ####..       1%          2    None
d - Fireball              Conj/Fire      ####......   14%         5    #####..
e - Irradiate             Conj/Tmut      ####......   30%         5    #####..


Dungeon Overview and Level Annotations

Branches:
Dungeon (8/15)             Temple (1/1) D:4            Lair (2/6) D:8
  Swamp: Lair:2-4    Shoals: Lair:2-4     Snake: Lair:2-4    Spider: Lair:2-4

Altars:
Ashenzari
Cheibriados
Dithmenos
Elyvilon
Fedhas
Gozag
Hepliaklqana
Kikubaaqudgha
Makhleb
Nemelex Xobeh
Okawaru
Qazlal
Sif Muna
Trog
Uskayaw
Vehumet
Wu Jian
Xom
Yredelemnul
The Shining One


Innate Abilities, Weirdness & Mutations

Armour fits poorly on your strangely shaped body.
Your body sometimes deteriorates upon taking damage.
You are dopey. (Int -2)
You are somewhat resistant to further mutation.


Message History

The rime drake closely misses you.
The rime drake bites you but does no damage.
You feel better.
The rime drake burns!
You kill the rime drake!
Sif Muna accepts your kill.
Your Transmutations skill increases to level 3!
The rime drake misses you.
Casting: Sticky Flame
Confirm with . or Enter, or press ? or * to list all spells.
Aiming: Sticky Flame
Press: ? - help, Shift-Dir - straight line, f - rime drake
Aim: a rime drake The sticky flame hits the rime drake.
The rime drake is lightly wounded.
The rime drake is covered in liquid flames!
The ice encasing you melts away.
The rime drake burns!
The rime drake breathes ice at you. The flash freeze hits you!
You die...

##.......#.......#....
##.....P##......#P...
#.....##.....####...
#......#.....# #.###
##.P..P##.....#.# #
##...##......## #
####..........## #..
#...#........## #...
#...@.......#. .....
#....k......#. .....
#..#........... .#>..
###.......... ....
#..#.......#
#...........#
#.#..#..%...( .....
.#...≈≈ P. ... .##...#


You could see a rime drake (burning).

Vanquished Creatures
  3 hydras
  Sonja (Lair:2)
  Maurice (D:8)
  A cyclops (D:8)
  Psyche (D:8)
  A spiny frog (Lair:1)
  A rime drake (Lair:2)
  2 komodo dragons
  Grinder (D:3)
  A troll (D:7)
  A hippogriff (Lair:1)
  12 yaks
  A hungry ghost (D:7)
  2 wargs (D:8)
  2 water moccasins (Lair:1)
  3 porcupines
  2 sky beasts
  2 phantoms
  4 orc warriors
  A black bear (D:6)
  3 ogres
  2 centaurs (D:8)
  4 crocodiles
  6 bullfrogs
  A water moccasin skeleton (D:6)
  3 scorpions
  5 killer bees (D:8)
  2 howler monkeys
  7 wights
  4 crimson imps
  2 centaur zombies (Ossuary)
  2 bullfrog zombies
  A jelly (D:5)
  A quasit (D:6)
  2 gnoll shamans (D:5)
  A human zombie (Ossuary)
  2 bullfrog skeletons
  3 orc priests
  4 hounds
  Jessica (D:2)
  2 iguanas
  9 orc wizards
  7 worker ants
  5 hell rats (Lair:1)
  A big kobold zombie (Ossuary)
  5 hound zombies
  A hound skeleton (D:4)
  3 mummies (Ossuary)
  Robin (D:2)
  35 gnolls (D:5)
  13 adders
  12 river rats (Lair:1)
  A shadow imp (D:7)
  4 oozes
  2 adder skeletons
  6 adder zombies (Ossuary)
  A dart slug (D:3)
  9 leopard geckos
  24 orcs
  3 bats (D:1)
  4 giant cockroaches
  12 goblins
  13 hobgoblins
  23 jackals
  8 quokkas
  2 frilled lizards
  2 gnoll zombies (Ossuary)
  2 goblin zombies (Ossuary)
  4 hobgoblin zombies (Ossuary)
  2 jackal zombies (Ossuary)
  9 kobolds
  4 kobold zombies (Ossuary)
  A leopard gecko zombie (D:5)
  2 orc zombies (Ossuary)
  A quokka skeleton (D:4)
  4 quokka zombies
  16 rats
  4 rat zombies (Ossuary)
356 creatures vanquished.

Vanquished Creatures (others)
  A goblin (D:2)
  A plant (Lair:2)
2 creatures vanquished.

Grand Total: 358 creatures vanquished

Notes
Turn   | Place    | Note
-------+----------+-------------------------------------------
     0 | D:1      | Rrauwl the Deep Elf Fire Elementalist began the quest for the Orb.
     0 | D:1      | Reached XP level 1. HP: 10/10 MP: 6/6
   358 | D:1      | Reached XP level 2. HP: 14/15 MP: 8/8
   656 | D:1      | Found a sparkling altar of Nemelex Xobeh.
  1170 | D:1      | Reached XP level 3. HP: 19/19 MP: 9/9
  1510 | D:2      | Noticed Robin
  1534 | D:2      | Reached skill level 3 in Dodging
  1697 | D:2      | Killed Robin
  1790 | D:2      | Reached XP level 4. HP: 21/24 MP: 8/11
  1802 | D:2      | Reached skill level 1 in Fighting
  1875 | D:2      | Noticed Jessica
  1884 | D:2      | Killed Jessica
  2634 | D:3      | Reached XP level 5. HP: 29/29 MP: 9/13
  3009 | D:3      | Gained mutation: Your flesh is cold resistant. (rC+) [potion of mutation]
  3009 | D:3      | Gained mutation: Your spells are a little harder to cast, but a little more powerful. [potion of mutation]
  3009 | D:3      | Gained mutation: Armour fits poorly on your strangely shaped body. [potion of mutation]
  3009 | D:3      | Gained mutation: You have large cloven feet. [potion of mutation]
  3261 | D:3      | Learned a level 4 spell: Sticky Flame
  3588 | D:3      | Noticed Grinder
  3596 | D:3      | Paralysed by Grinder for 2 turns
  3602 | D:3      | Killed Grinder
  3602 | D:3      | Reached skill level 4 in Dodging
  3602 | D:3      | Reached skill level 5 in Spellcasting
  3602 | D:3      | Reached XP level 6. HP: 7/35 MP: 4/15
  3692 | D:4      | Found a staircase to the Ecumenical Temple.
  3703 | Temple   | Entered the Ecumenical Temple
  3782 | Temple   | Became a worshipper of Sif Muna the Loreminder
  3870 | D:4      | Found a burning altar of Makhleb.
  3897 | D:4      | Reached XP level 7. HP: 40/40 MP: 7/17
  4315 | D:4      | Reached skill level 5 in Fire Magic
  4336 | D:4      | Reached skill level 5 in Dodging
  5345 | D:4      | Reached skill level 5 in Conjurations
  5381 | D:5      | Entered Level 5 of the Dungeon
  5409 | D:5      | Reached skill level 6 in Dodging
  5409 | D:5      | Reached XP level 8. HP: 26/44 MP: 15/20
  5617 | D:5      | Learned a level 5 spell: Fireball
  5814 | D:5      | Reached * piety under Sif Muna
  6159 | D:5      | Reached skill level 7 in Dodging
  6163 | D:5      | Learned a level 2 spell: Throw Flame
  6269 | D:5      | Reached skill level 1 in Invocations
  6269 | D:5      | Reached skill level 1 in Evocations
  7664 | D:6      | Found a shadowy altar of Dithmenos.
  7777 | D:6      | Reached skill level 1 in Staves
  7887 | D:6      | Reached XP level 9. HP: 48/50 MP: 13/23
  8405 | D:6      | Found an ornate altar of the Wu Jian Council.
  8405 | D:6      | Found a hazy altar of Hepliaklqana.
  8421 | D:6      | Lost mutation: Your spells are a little harder to cast, but a little more powerful. [potion of mutation]
  8421 | D:6      | Lost mutation: Your flesh is cold resistant. (rC+) [potion of mutation]
  8421 | D:6      | Lost mutation: You have large cloven feet. [potion of mutation]
  8421 | D:6      | Lost mutation: Armour fits poorly on your strangely shaped body. [potion of mutation]
  8421 | D:6      | Gained mutation: You are dopey. (Int -2) [potion of mutation]
  8421 | D:6      | Gained mutation: Your body sometimes deteriorates upon taking damage. [potion of mutation]
  8421 | D:6      | Gained mutation: Armour fits poorly on your strangely shaped body. [potion of mutation]
  8421 | D:6      | Gained mutation: You are somewhat resistant to further mutation. [potion of mutation]
  8718 | D:7      | Reached skill level 8 in Dodging
  9299 | D:7      | Noticed a troll
  9309 | D:7      | Killed a troll
  9387 | D:7      | Reached skill level 9 in Dodging
 10106 | D:8      | Noticed a cyclops
 10125 | D:8      | Reached XP level 10. HP: 31/56 MP: 7/25
 10126 | D:8      | Reached skill level 5 in Staves
 10153 | D:8      | HP: 1/56 [cyclops (22)]
 10218 | D:8      | Killed a cyclops
 10360 | D:8      | Reached skill level 10 in Dodging
 10471 | D:8      | Found a staircase to the Lair.
 10639 | D:8      | Noticed Maurice
 10658 | D:8      | Killed Maurice
 10658 | D:8      | Reached ** piety under Sif Muna
 10728 | D:8      | Found a sand-covered staircase.
 10733 | Ossuary  | Entered an ossuary
 11426 | D:8      | Noticed Psyche
 11435 | D:8      | Killed Psyche
 11435 | D:8      | Reached skill level 11 in Dodging
 11929 | Lair:1   | Entered Level 1 of the Lair of Beasts
 12576 | Lair:1   | Noticed a seven-headed hydra
 12806 | Lair:1   | Noticed a four-headed hydra
 12831 | Lair:1   | Killed a four-headed hydra
 12831 | Lair:1   | Reached XP level 11. HP: 46/60 MP: 16/26
 12983 | Lair:1   | Reached skill level 5 in Bows
 13454 | Lair:1   | Reached skill level 12 in Dodging
 13719 | Lair:1   | Reached *** piety under Sif Muna
 14044 | Lair:1   | Killed a seven-headed hydra
 14309 | Lair:1   | Learned a level 5 spell: Irradiate
 14413 | Lair:2   | Upgraded the game from 0.20-a0-1033-g05abe66 to 0.20-a0-1036-g4d371cd
 14492 | Lair:2   | Noticed a six-headed hydra
 14508 | Lair:2   | Killed a six-headed hydra
 14508 | Lair:2   | Reached skill level 1 in Transmutations
 14600 | Lair:2   | Noticed Sonja
 14649 | Lair:2   | Killed Sonja
 14741 | Lair:2   | Killed from afar by a rime drake

Vault maps used:
D:1:      erik_arrival_cave_to_civilisation, nemelex_diamond_rough_becter
D:2:      grunt_ministairs_3, uniq_jessica, uniq_robin
D:3:      first_bread, uniq_grinder
D:4:      makhleb_grotto_becter, temple_green, nicolae_underground_beach
D:5:      lemuel_castle_with_subvaults
D:6:      lemuel_crystal_altar, gammafunk_temple_overflow_wave
D:7:      minmay_opposing_rooms
D:8:      erik_lair_orcish_takeover, nicolae_ossuary_entry_ruins, uniq_psyche,
          uniq_maurice
Temple:   compressed_dpeg_circular_temple
Lair:1:   lemuel_ratsnest, grunt_megastairs_1
Lair:2:   minmay_lair_oklob_items, bobbens_dragon_lair_wall, uniq_sonja
Ossuary:  minmay_ossuary_two_tombs

Skill      XL: |  1  2  3  4  5  6  7  8  9 10 11 |
---------------+----------------------------------+-----
Conjurations   | 2 3 4 5 7 |  7.1
Dodging        | 3 4 6 7 9 11 12 | 12.3
Fighting       | 1 2 3 |  3.0
Spellcasting   | 4 5 6 8 9 |  9.1
Fire Magic     | 4 5 7 |  7.1
Invocations    | 2 4 |  4.0
Evocations     | 2 4 |  4.0
Staves         | 1 4 6 |  6.0
Bows           | 4 6 |  6.5
Transmutations | 3 |  3.1
Armour         | |  0.5
Stealth        | |  2.4

Action                   |  1- 3 |  4- 6 |  7- 9 | 10-12 || total
-------------------------+-------+-------+-------+-------++-------
Melee: Unarmed           |    24 |       |       |       ||    24
       Hand axe          |    65 |    23 |    27 |       ||   115
       Kick              |       |     3 |    13 |       ||    16
       Staff             |       |       |    22 |       ||    22
 Fire: Hunting sling     |     6 |   108 |   535 |    26 ||   675
       Shortbow          |       |       |       |   502 ||   502
 Cast: Flame Tongue      |    24 |    47 |   116 |     9 ||   196
       Sticky Flame      |       |     3 |    64 |    81 ||   148
       Throw Flame       |       |       |    13 |     3 ||    16
Evoke: Wand              |       |       |     4 |     4 ||     8
  Use: Scroll            |     3 |     7 |     4 |     5 ||    19
       Potion            |     1 |     4 |     5 |     6 ||    16
 Stab: Sleeping          |     3 |       |       |       ||     3
       Distracted        |     1 |       |       |       ||     1
  Eat: Chunk             |     3 |     4 |    15 |     2 ||    24
       Fruit             |       |     1 |       |     3 ||     4
       Royal jelly       |       |     1 |     1 |       ||     2
       Meat ration       |       |       |     1 |     1 ||     2
       Bread ration      |       |       |     2 |     2 ||     4
Armor: Robe              |    26 |    16 |    85 |    82 ||   209
Dodge: Dodged            |    83 |    43 |   319 |   327 ||   772
